Map: Golden Wall LE

Players

lllllllllll (sOs)

  • Race: Protoss Protoss
  • League: Grandmaster
  • Spawn Location: 5:00

soO - Winner!

  • Race: Zerg Zerg
  • League: Master
  • Spawn Location: 7:00

Event: War Chest Team League

VOD

Have the link to the VOD?

Description

Time

  • Played on: July 24, 2020, 11:04 a.m.
  • Length: 14:19
Show
View Real Time Build Order
Export as new Build Order

lllllllllll Protoss 

Build Orders: 1 Gate Expand, Mass Adepts 

Get SALT Encoding   

  12  0:00  Probe  
  13  0:12  Probe  
  14  0:17  Pylon  
  14  0:23  Probe  
  15  0:31  Probe  
  16  0:37  Gateway  
  16  0:39  Probe  
  16  0:46  Assimilator  
  17  0:51  Probe  
  18  1:03  Probe  
  19  1:15  Probe  
  20  1:24  Cybernetics Core  
  20  1:33  Nexus  
  20  1:39  Pylon  
  20  1:43  Probe  
  21  1:48  Assimilator  
  21  1:50  Adept  
  21  1:55  Probe  
  21  2:01  Warp Gate  
  24  2:07  Probe  
  25  2:10  Adept  
  25  2:19  Probe  
  28  2:28  Twilight Council  
  28  2:33  Probe  
  29  2:40  Stalker  
  29  2:41  Probe  
  31  2:48  Probe  
  31  2:49  Probe  
  34  2:59  Resonating Glaives, Probe  
  34  3:00  Robotics Facility  
  34  3:02  Probe  
  36  3:11  Probe  
  37  3:24  Gateway  
  37  3:27  Gateway  
  37  3:36  Gateway  
  37  3:37  Warp Prism  
  37  3:41  Probe x2  
  41  3:50  Pylon  
  41  3:51  Adept  
  41  3:54  Probe  
  45  3:55  Probe  
  45  3:59  Pylon  
  45  4:06  Probe  
  45  4:09  Probe  
  47  4:22  Adept x3  
  47  4:23  Probe  
  54  4:24  Pylon  
  54  4:30  Adept  
  56  4:32  Assimilator  
  56  4:34  Assimilator  
  56  4:37  Dark Shrine  
  56  4:43  Probe  
  58  4:50  Adept x3  
  63  4:53  Adept  
  63  4:56  Probe  
  63  4:57  Probe  
  63  4:59  Pylon  
  67  5:19  Probe  
  68  5:23  Adept x4  
  76  5:32  Probe  
  76  5:33  Probe  
  76  5:35  Pylon x2  
  64  5:56  Immortal  
  62  5:57  Dark Templar x4  
  62  5:59  Probe x2  
  62  6:01  Pylon  
  76  6:18  Pylon  
  76  6:22  Probe  
  76  6:23  Probe  
  78  6:25  Pylon  
  78  6:30  Immortal  
  72  6:34  Probe  
  72  6:35  Probe  
  78  6:47  Blink  
  78  6:48  Sentry x3, Nexus  
  84  6:56  Probe x2  
  85  7:01  Forge  
  86  7:08  Probe x2  
  86  7:11  Immortal  
  91  7:19  Probe x2, Stargate  
  93  7:23  Protoss Ground Weapons Level 1  
  93  7:24  Pylon  
  93  7:27  Probe  
  93  7:28  Probe  
  95  7:53  Stalker x3  
  95  7:54  Stalker  
  103  8:01  Photon Cannon  
  103  8:04  Phoenix  
  106  8:05  Probe  
  106  8:07  Photon Cannon, Probe  
  106  8:09  Photon Cannon  
  107  8:14  Immortal  
  107  8:19  Assimilator  
  111  8:21  Assimilator  
  103  8:30  Shield Battery  
  103  8:32  Phoenix  
  103  8:38  Probe  
  104  8:53  Phoenix  
  104  8:54  Stalker x4  
  106  9:09  Stargate  
  106  9:11  Probe x3  
  106  9:14  Charge  
  106  9:16  Shield Battery  
  105  9:19  Phoenix  
  107  9:25  Pylon  
  107  9:28  Adept x2  
  107  9:29  Protoss Ground Weapons Level 2  
  111  9:34  Photon Cannon  
  111  9:35  Gateway, Pylon  
  111  9:36  Phoenix  
  111  9:37  Gateway  
  111  9:41  Shield Battery  
  111  9:44  Pylon  
  111  9:47  Phoenix  
  113  9:54  Pylon, Shield Battery, Phoenix  
  113  9:57  Dark Templar  
  115  10:06  Warp Prism  
  113  10:09  Phoenix  
  113  10:12  Fleet Beacon  
  113  10:14  Phoenix  
  113  10:15  Shield Battery  
  113  10:19  Zealot x2  
  119  10:28  Pylon  
  121  10:30  Probe  
  119  10:41  Phoenix x2  
  119  10:55  Anion Pulse-Crystals  
  119  10:56  Probe, Stargate  
  120  11:06  Protoss Air Weapons Level 1  
  120  11:07  Nexus  
  120  11:09  Pylon, Phoenix  
  116  11:21  Phoenix  
  118  11:28  Phoenix  
  118  11:31  Phoenix  
  115  11:44  Photon Cannon, Probe x3  
  115  11:45  Shield Battery  
  115  11:46  Zealot x4  
  109  12:03  Phoenix x2  
  109  12:05  Phoenix  
  104  12:11  Dark Templar  
  104  12:12  Dark Templar  
  92  12:18  Probe x2  
  92  12:20  Phoenix, Zealot x4  
  75  12:33  Phoenix  
  74  12:37  Phoenix  
  73  12:47  Zealot x6  
  79  12:53  Phoenix  
  71  13:13  Nexus  
  65  13:21  Phoenix x2  
  69  13:37  Phoenix  
  69  13:40  Zealot x2  
  72  13:49  Phoenix  
Show
View Real Time Build Order
Export as new Build Order

soO Zerg - Winner!

Build Orders: Hatch First 

Get SALT Encoding   

  12  0:00  Drone  
  13  0:12  Overlord  
  13  0:17  Drone  
  14  0:30  Drone x2  
  16  0:48  Hatchery  
  15  0:51  Drone  
  15  0:55  Drone  
  17  0:58  Drone  
  18  1:08  Extractor  
  17  1:14  Spawning Pool  
  17  1:17  Drone  
  17  1:20  Drone  
  18  1:27  Drone  
  19  1:40  Drone  
  20  1:54  Drone  
  20  2:00  Queen x2  
  25  2:01  Drone  
  25  2:02  Zergling x2  
  27  2:11  Overlord  
  27  2:12  Metabolic Boost  
  27  2:16  Drone  
  28  2:29  Drone x2  
  30  2:33  Drone  
  31  2:38  Hatchery  
  31  2:42  Zergling x2  
  31  2:45  Queen  
  31  2:51  Zergling x2  
  34  2:53  Overlord  
  34  2:55  Zergling x2  
  34  2:57  Zergling x2  
  36  3:13  Drone x6  
  36  3:14  Drone  
  36  3:17  Overlord  
  43  3:22  Drone  
  43  3:24  Spore Crawler  
  43  3:29  Drone  
  44  3:35  Overlord, Queen  
  44  3:39  Drone  
  48  3:41  Drone x2  
  48  3:43  Drone  
  50  3:54  Queen  
  52  3:57  Drone  
  52  3:58  Drone x3  
  56  4:03  Overlord, Drone  
  56  4:05  Zergling x2  
  56  4:06  Zergling x4  
  60  4:12  Roach Warren  
  59  4:18  Zergling x8  
  63  4:24  Overlord  
  63  4:27  Drone  
  63  4:28  Spore Crawler  
  63  4:30  Spore Crawler  
  62  4:31  Drone x2  
  64  4:40  Drone x2  
  64  4:43  Drone x2  
  64  4:44  Drone  
  69  4:47  Drone x2  
  69  4:48  Lair  
  69  4:52  Roach x3  
  77  4:54  Extractor  
  77  4:56  Extractor  
  75  5:01  Zergling x2, Roach x3  
  82  5:16  Overlord  
  82  5:20  Overlord  
  81  5:32  Overlord  
  78  5:36  Zergling x16  
  78  5:37  Zergling x8  
  78  5:42  Zergling x2  
  85  5:44  Zergling x2  
  84  5:50  Zergling x2  
  84  5:52  Overseer  
  85  6:00  Drone x3  
  85  6:01  Drone  
  89  6:06  Drone  
  89  6:09  Extractor  
  89  6:10  Extractor  
  88  6:13  Drone x2  
  88  6:18  Drone  
  91  6:19  Drone  
  91  6:21  Overseer  
  91  6:23  Glial Reconstitution  
  91  6:24  Drone x4  
  96  6:27  Extractor  
  96  6:29  Extractor  
  96  6:30  Overlord  
  96  6:32  Overlord  
  94  6:35  Overlord  
  94  6:36  Drone x2  
  94  6:37  Spore Crawler  
  94  6:38  Drone, Evolution Chamber  
  95  6:42  Overlord  
  95  6:43  Drone  
  95  6:44  Spire  
  95  6:48  Drone  
  96  6:54  Drone x2  
  96  6:55  Drone x2  
  96  6:56  Drone  
  96  6:58  Drone x3  
  96  7:00  Drone  
  102  7:02  Drone x3  
  102  7:05  Drone  
  106  7:10  Zerg Melee Weapons Level 1  
  104  7:17  Drone x3  
  104  7:18  Drone  
  104  7:21  Hatchery  
  107  7:25  Roach x6  
  119  7:38  Zergling x12  
  119  7:43  Baneling Nest  
  122  7:46  Overlord  
  122  7:49  Overlord  
  122  7:56  Overlord  
  122  7:58  Mutalisk x7  
  122  8:05  Drone, Zerg Flyer Weapons Level 1  
  137  8:07  Overlord  
  137  8:08  Overlord  
  137  8:13  Overlord  
  137  8:15  Mutalisk x2  
  141  8:26  Drone x2  
  141  8:27  Drone x4  
  142  8:38  Mutalisk x3  
  142  8:39  Extractor  
  139  8:41  Drone x2  
  139  8:42  Extractor, Drone  
  139  8:48  Zergling x4  
  140  8:49  Zergling x4  
  140  8:50  Zergling x2  
  140  8:54  Mutalisk x2  
  140  8:55  Mutalisk  
  135  9:05  Zergling x8  
  134  9:10  Drone x5  
  134  9:12  Overseer  
  137  9:21  Mutalisk  
  137  9:22  Mutalisk x2  
  143  9:27  Drone x3  
  143  9:28  Drone x3  
  149  9:32  Hatchery  
  144  9:49  Drone x4  
  144  9:51  Mutalisk x5  
  153  9:59  Zerg Melee Weapons Level 2  
  153  10:09  Zerg Flyer Weapons Level 2  
  153  10:10  Drone x4  
  153  10:13  Mutalisk  
  159  10:18  Drone  
  159  10:19  Overlord, Drone x4  
  159  10:20  Drone x4  
  168  10:25  Mutalisk x3  
  172  10:42  Overlord  
  166  10:46  Corruptor x4  
  166  10:48  Corruptor  
  174  10:55  Corruptor  
  176  10:57  Zergling x12  
  176  11:00  Overlord  
  182  11:07  Mutalisk x3  
  182  11:09  Overlord  
  182  11:10  Drone x2  
  182  11:11  Overlord, Drone  
  189  11:15  Overlord  
  189  11:17  Mutalisk  
  190  11:21  Drone x4  
  190  11:23  Overlord  
  194  11:31  Mutalisk x3  
  200  11:38  Extractor  
  199  11:44  Zergling x2  
  200  11:51  Mutalisk x2  
  199  11:56  Hatchery  
  194  12:05  Extractor  
  189  12:09  Mutalisk x6  
  189  12:18  Mutalisk x2  
  189  12:20  Drone x3  
  183  12:22  Zergling x2  
  183  12:23  Zergling x24  
  183  12:24  Overseer  
  177  12:43  Corruptor x4  
  162  12:59  Queen  
  162  13:00  Queen  
  162  13:02  Corruptor x4  
  171  13:12  Drone x4  
  174  13:13  Drone x2  
  170  13:29  Corruptor  
  170  13:30  Corruptor x3  
  174  13:45  Drone x3  
  175  13:51  Drone x3  
  175  13:52  Drone x3  
  176  14:03  Drone x2  
  176  14:07  Drone  
Tags
 
Add a new tag
Caveats
  • Supply blocks, unpowered buildings, or Contaminate may cause inaccurate times.
  • Supply counts are checked every 10 seconds.